 Dungeon Sprint DCSS version 0.28.0-53-g5a82cb258f (webtiles) character file.

Game seed: 9277209386955502007

1453 Zeld the Eclecticist (level 8, -11/41 HPs)
             Began as a Deep Elf Conjurer on June 5, 2022.
             Was an Elder of Sif Muna.
             Mangled by a dream sheep (25 damage)
             ... in the Dungeon (Sprint VII: "The Pits").
             The game lasted 00:02:30 (1692 turns).

Zeld the Eclecticist (Deep Elf Conjurer)            Turns: 1692, Time: 00:02:31

Health: -11/41     AC:  0    Str:  4    XL:     8   Next: 47%
Magic:  8/29       EV:  2    Int: 26    God:    Sif Muna [****..]
Gold:   0          SH:  0    Dex: 13    Spells: 27/38 levels left

rFire   . . .      SeeInvis .   (no weapon)
rCold   . . .      Faith    .   (no shield)
rNeg    . . .      Spirit   .   (no armour)
rPois   .          Reflect  .   (no helmet)
rElec   .          Harm     .   (no cloak)
rCorr   .          Rampage  .   (no gloves)
Will    .....      NoTele   +   (no boots)
Stlth   ++........              (no amulet)
HPRegen 0.13/turn               (no ring)
MPRegen 0.21/turn               (no ring)

@: sleeping
A: no striking features
a: Renounce Religion, Channel Magic, Forget Spell, Divine Exegesis


You were in the Dungeon.
You worshipped Sif Muna.
Sif Muna was greatly pleased with you.
You visited 1 branch

Inventory:

Scrolls
 g - a scroll of blinking
 h - 5 scrolls of amnesia
 i - a scroll of summoning
Potions
 a - a potion of invisibility
 b - 5 potions of curing
 c - 4 potions of heal wounds
 d - a potion of haste
 e - 2 potions of magic
 f - 3 potions of berserk rage


   Skills:
 + Level 7.7 Dodging
 - Level 2.4 Stealth
 * Level 15.5 Spellcasting
 * Level 13.6 Conjurations
 - Level 2.0 Hexes
 - Level 2.0 Translocations
 * Level 6.2 Invocations


You had 27 spell levels left.
You knew the following spells:

 Your Spells              Type           Power      Damage    Failure   Level
a - Magic Dart            Conj           100%       1d8       0%          1
b - Searing Ray           Conj           100%       2d8       0%          2
c - Fulminant Prism       Conj/Hex       28%        3d14      1%          4
d - Iskenderun's Mystic   Conj/Tloc      57%        2d12      1%          4

Your spell library contained the following spells:

 Spells                   Type           Power      Damage    Failure   Level
 Dazzling Flash           Conj/Hex       100%       N/A       1%          3


Dungeon Overview and Level Annotations

Branches:
Dungeon (1/1)

Altars:
Ashenzari
Cheibriados
Dithmenos
Elyvilon
Fedhas
Gozag
Hepliaklqana
Kikubaaqudgha
Makhleb
Nemelex Xobeh
Okawaru
Qazlal
Ru
Sif Muna
Trog
Uskayaw
Vehumet
Wu Jian
Xom
Yredelemnul
Zin
The Shining One
Beogh
Jiyva
Lugonu


Message History

Your Spellcasting skill increases to level 15!
Your Conjurations skill increases to level 13!
Your Invocations skill increases to level 5!
Unknown command.
Unknown command.
Casting: Iskenderun's Mystic Blast (dangerous; 1% risk of failure)
Confirm with . or Enter, or press ? or * to list all spells.
You erupt in a blast of force!
The mystic blast hits the dream sheep!
The dream sheep is heavily wounded.
The dream sheep is knocked back by the mystic blast.
The dream sheep slams into the closed door!
The dream sheep is severely wounded.
The mystic blast hits the kobold demonologist!
The kobold demonologist is heavily wounded.
The kobold demonologist is knocked back by the mystic blast.
The kobold demonologist slams into the metal wall!
The kobold demonologist is heavily wounded.
Unknown command.
Unknown command.
Unknown command.
Casting: Iskenderun's Mystic Blast (dangerous; 1% risk of failure)
Confirm with . or Enter, or press ? or * to list all spells.
You erupt in a blast of force!
The mystic blast hits the iron imp!
The iron imp is severely wounded.
The iron imp is knocked back by the mystic blast.
The iron imp collides with the dream sheep!
The dream sheep is almost dead.
The iron imp is almost dead.
The mystic blast hits the kobold demonologist!
The kobold demonologist is almost dead.
The kobold demonologist is knocked back by the mystic blast.
The kobold demonologist slams into the metal wall!
You kill the kobold demonologist!
Sif Muna accepts your kill.
The iron imp disappears in a puff of smoke!
The dream sheep shake their wool and sparkle.
You feel drowsy...
You fall asleep.
Your Invocations skill increases to level 6!
The dream sheep bites you!!
Ouch! That really hurt!
You die...

#.####'##'###...<...#
#.#÷.......##.......#
#.#........##.......#
#'###########.......#
#)).....# #########
#.###...# #####
#.#.....# ....#
#.#...#.#+#†...#
#.....#.#.@YY).+
#...###.#'#.)..#
#.......'.#.)..#
################


You could see 2 dream sheep.

Vanquished Creatures
  A kobold demonologist (D)
  Grinder (D)
  3 dream sheep (D)
  A warg (D)
  An orc warrior (D)
  2 scorpions (D)
  A crimson imp (D)
  An orc priest (D)
  2 orc wizards (D)
  An adder (D)
  An adder zombie (D)
  A worm (D)
  A bat zombie (D)
  An endoplasm (D)
  2 goblins (D)
  A quokka (D)
  A ball python (D)
  3 frilled lizards (D)
  4 kobolds (D)
29 creatures vanquished.

Vanquished Creatures (others)
  3 fulminant prisms (D)
3 creatures vanquished.

Grand Total: 32 creatures vanquished

Notes
Turn   | Place    | Note
-------+----------+-------------------------------------------
     0 | D        | Zeld the Deep Elf Conjurer began the quest for the Orb.
     0 | D        | Reached XP level 1. HP: 10/10 MP: 6/6
    17 | D        | Reached skill level 1 in Hexes
   192 | D        | Found a bloodstained altar of Trog.
   192 | D        | Found a shimmering blue altar of Sif Muna.
   192 | D        | Found a viscous altar of Jiyva.
   192 | D        | Found a hazy altar of Hepliaklqana.
   192 | D        | Found an opulent altar of Gozag.
   193 | D        | Found a glowing golden altar of the Shining One.
   193 | D        | Found a glowing silver altar of Zin.
   193 | D        | Found a basalt altar of Yredelemnul.
   193 | D        | Found a shimmering altar of Xom.
   193 | D        | Found an ornate altar of the Wu Jian Council.
   193 | D        | Found a sacrificial altar of Ru.
   193 | D        | Found a stormy altar of Qazlal.
   193 | D        | Found an iron altar of Okawaru.
   193 | D        | Found a sparkling altar of Nemelex Xobeh.
   193 | D        | Found a burning altar of Makhleb.
   193 | D        | Found a blossoming altar of Fedhas.
   193 | D        | Found a white marble altar of Elyvilon.
   193 | D        | Found a shadowy altar of Dithmenos.
   193 | D        | Found a snail-covered altar of Cheibriados.
   194 | D        | Found a radiant altar of Vehumet.
   194 | D        | Found a corrupted altar of Lugonu.
   195 | D        | Found a hide-covered altar of Uskayaw.
   195 | D        | Found an ancient bone altar of Kikubaaqudgha.
   195 | D        | Found a broken altar of Ashenzari.
   315 | D        | Noticed a scorpion
   319 | D        | Reached skill level 1 in Translocations
   502 | D        | Killed a scorpion
   503 | D        | Reached skill level 7 in Spellcasting
   503 | D        | Reached XP level 2. HP: 13/15 MP: 2/12
   503 | D        | Reached XP level 3. HP: 17/19 MP: 2/13
   506 | D        | Learned a level 2 spell: Searing Ray
   977 | D        | Noticed a warg
   977 | D        | Noticed a scorpion
  1003 | D        | Killed a scorpion
  1004 | D        | Reached skill level 9 in Spellcasting
  1004 | D        | Reached XP level 4. HP: 6/24 MP: 6/17
  1004 | D        | Killed a warg
  1005 | D        | Reached skill level 11 in Spellcasting
  1005 | D        | Reached skill level 10 in Conjurations
  1005 | D        | Reached XP level 5. HP: 7/28 MP: 5/20
  1101 | D        | Learned a level 4 spell: Fulminant Prism
  1106 | D        | Learned a level 4 spell: Iskenderun's Mystic Blast
  1241 | D        | Noticed an orc warrior
  1242 | D        | Noticed Grinder
  1249 | D        | Killed an orc warrior
  1250 | D        | Reached skill level 12 in Spellcasting
  1250 | D        | Reached XP level 6. HP: 32/32 MP: 11/23
  1273 | D        | Became a worshipper of Sif Muna the Loreminder
  1300 | D        | Killed Grinder
  1301 | D        | Reached skill level 5 in Dodging
  1301 | D        | Reached skill level 13 in Spellcasting
  1301 | D        | Reached XP level 7. HP: 17/36 MP: 13/26
  1396 | D        | Reached * piety under Sif Muna
  1513 | D        | Reached skill level 1 in Invocations
  1682 | D        | Reached ** piety under Sif Muna
  1685 | D        | Noticed a dream sheep
  1685 | D        | Noticed a dream sheep
  1685 | D        | Noticed a dream sheep
  1685 | D        | Noticed a dream sheep
  1685 | D        | Noticed a dream sheep
  1685 | D        | Noticed a kobold demonologist
  1686 | D        | Killed a dream sheep
  1686 | D        | Killed a dream sheep
  1686 | D        | Reached *** piety under Sif Muna
  1687 | D        | Reached skill level 14 in Spellcasting
  1687 | D        | Reached XP level 8. HP: 33/41 MP: 19/28
  1688 | D        | Killed a dream sheep
  1688 | D        | Reached **** piety under Sif Muna
  1689 | D        | Reached skill level 15 in Spellcasting
  1689 | D        | Reached skill level 5 in Invocations
  1690 | D        | Killed a kobold demonologist
  1692 | D        | Mangled by a dream sheep

Illustrated notes

Levels and vault maps discovered:
D:        pitsprint [storerooms_1, entrance_room_1, metal_vault_5, armoury_3,
          mini_pit_1, grid_room_1, main_hall_1, silver_pit, the_coven_1,
          the_vestibule_1, steel_vault_1, golden_pit, hallway_of_sentries,
          crystal_vault_1, iron_vault_1, final_vault]

Skill      XL: |  1  2  3  4  5  6  7  8 |
---------------+-------------------------+-----
Hexes          | 2 |  2.0
Translocations | 2 |  2.0
Spellcasting   | 7 9 11 12 13 14 15 | 15.5
Conjurations   | 6 8 10 11 12 13 | 13.6
Dodging        | 4 5 6 7 |  7.7
Invocations    | 4 6 |  6.2
Stealth        | |  2.4

Action                   |  1- 3 |  4- 6 |  7- 9 || total
-------------------------+-------+-------+-------++-------
 Cast: Magic Dart        |    17 |     2 |     1 ||    20
       Searing Ray       |     2 |     3 |     3 ||     8
       Fulminant Prism   |       |     3 |       ||     3
       Iskenderun's Myst |       |     1 |     5 ||     6
  Use: Potion            |     3 |     3 |       ||     6
Dodge: Dodged            |     4 |     1 |     3 ||     8
